 Dungeon Crawl Stone Soup version 0.31-a0-358-gac0dbeb3ab (webtiles) character file.

Game seed: 7471450380417439283

1815 randomguy2701 the Cleaver (level 9, -1/75 HPs)
             Began as a Hill Orc Monk on July 25, 2023.
             Was a Believer of Beogh.
             Slain by a vampire (10 damage)
             ... on level 7 of the Dungeon.
             The game lasted 00:11:01 (6716 turns).

randomguy2701 the Cleaver (Hill Orc Monk)           Turns: 6716, Time: 00:11:02

Health: -1/75      AC: 14    Str: 18    XL:     9   Next: 10%
Magic:  12/12      EV:  7    Int: 10    God:    Beogh [**....]
Gold:   310        SH:  0    Dex: 22    Spells: 8/8 levels left

rFire   . . .        D - +0 battleaxe (vamp)
rCold   + . .        (shield currently unavailable)
rNeg    . . .        F - +0 plate armour
rPois   .            (no helmet)
rElec   .            (no cloak)
rCorr   .            (no gloves)
SInv    +            v - +0 pair of boots
Will    +....        (no amulet) Stlth
                     C - ring "Facaocr Facy" {rC+ Will+ Dex+3 SInv}
HPRegen 0.32/turn    y - +6 ring of dexterity
MPRegen 0.13/turn

%: no passive effects
@: no status effects
A: no striking features
a: Renounce Religion, Smiting


You were on level 7 of the Dungeon.
You worshipped Beogh.
Beogh was pleased with you.
You visited 1 branch of the dungeon, and saw 7 of its levels.

You collected 310 gold pieces.

Inventory:

Hand Weapons
 a - a +0 hand axe
 B - a +0 battleaxe
 D - a +0 vampiric battleaxe (weapon)
Armour
 d - an orb of light
 q - a +0 chain mail
 v - a +0 pair of boots (worn)
 F - a +0 plate armour (worn)
Jewellery
 h - a +4 ring of protection
 s - a ring of fire
 y - a +6 ring of dexterity (right hand)
 C - the ring "Facaocr Facy" (left hand) {rC+ Will+ Dex+3 SInv}
   (You took it off a centaur on level 7 of the Dungeon)

   [ring of willpower]

   Dex:       It affects your dexterity (+3).
   rC:        It protects you from cold.
   SInv:      It lets you see invisible.
   Will:      It increases your willpower.
Wands
 t - a wand of polymorph (6)
Scrolls
 e - 2 scrolls of noise {unknown}
 g - a scroll of summoning {unknown}
 i - 4 scrolls of teleportation {unknown}
 j - 2 scrolls of revelation {unknown}
 k - 2 scrolls of vulnerability {unknown}
 l - 4 scrolls of immolation {unknown}
 m - 9 scrolls of identify {unknown}
 r - 2 scrolls of enchant weapon {unknown}
 u - 3 scrolls of fog {unknown}
 w - a scroll of fear {unknown}
 A - a scroll of poison {unknown}
 E - a scroll of blinking {unknown}
Potions
 b - a potion of might {unknown}
 c - a potion of ambrosia
 f - 4 potions of curing
 n - 2 potions of brilliance {unknown}
 o - 2 potions of heal wounds {unknown}
 p - a potion of haste {unknown}
 x - 2 potions of attraction {unknown}
 z - a potion of magic {unknown}


   Skills:
 + Level 6.2 Fighting
 + Level 10.5 Axes
 + Level 6.1 Armour
 + Level 3.7 Dodging
 * Level 4.5 Invocations


You had 8 spell levels left.
You didn't know any spells.
Your spell library contained the following spells:

 Spells                   Type           Power      Damage    Failure   Level
 Cigotuvi's Dreadful Rot  Necr/Pois/Air  0%         N/A       100%        2
 Gell's Gravitas          Tloc           0%         N/A       100%        3
 Teleport Other           Tloc           0%         N/A       100%        3
 Dispel Undead            Necr           0%         3d6       100%        4
 Olgreb's Toxic Radiance  Pois           0%         N/A       100%        4
 Death Channel            Necr           0%         N/A       100%        6
 Dispersal                Tloc           0%         N/A       100%        6
 Discord                  Hex            0%         N/A       100%        8
 Ignition                 Fire           0%         3d3       100%        8


Dungeon Overview and Level Annotations

Branches:
Dungeon (7/15)
 Temple: D:4-7

Altars:

Shops:
D:1 :   D:3 (   D:7 ?

Annotations:
D:3 Grinder
D:4 3 runed translucent doors, otakuarchivist's ghost, amateur MiFi


Message History

The vampire draws strength from your injuries!
You hit the vampire but do no damage.
The vampire is lightly damaged.
The vampire hits you.
The vampire bites you but does no damage.
You closely miss the vampire.
The vampire is lightly damaged.
The vampire hits you!
The vampire bites you but does no damage.
You hit the vampire but do no damage.
The vampire is lightly damaged.
The vampire barely misses you. x2
You completely miss the vampire.
The vampire is lightly damaged.
The vampire barely misses you.
The vampire bites you but does no damage.
The vampire hits you. The vampire barely misses you.
You hit the vampire.
The vampire is lightly damaged.
The vampire hits you.
The vampire bites you but does no damage.
You hit the vampire.
The vampire is moderately damaged.
The vampire hits you!
* * * LOW HITPOINT WARNING * * *
The vampire completely misses you.
You closely miss the vampire.
The vampire is moderately damaged.
The vampire hits you!
* * * LOW HITPOINT WARNING * * *
The vampire barely misses you.
You slash the vampire!
The vampire is heavily damaged.
The vampire hits you but does no damage.
The vampire bites you!
* * * LOW HITPOINT WARNING * * *
The vampire draws strength from your injuries!
It was a potion of curing.
You feel better. The vampire barely misses you. The vampire bites you!
You die...

### ### #.#######
#.###........ ###
####)..$........
##..##..)...#.....#..
#.......)).######..#
#.#..........# #..##
#............######.##
..##.@.....#...#....#
#V#.##.........#.#
#.###..........#... ..
###.....#.###.. ...
#.......#.#.#.. ....
##..............
#....##...............
#.....................
.....................


You could see a vampire (invisible).

Vanquished Creatures
  A water moccasin (D:7)
  2 sky beasts
  3 ice beasts
  An ogre (D:6)
  A centaur (D:7)
  A gnoll sergeant (D:7)
  2 scorpions (D:6)
  A bullfrog (D:7)
  3 howler monkeys
  2 jellies
  2 orc priests (D:5)
  5 hounds
  A gnoll bouda (D:4)
  A sleepcap (D:6)
  Terence (D:2)
  3 iguanas
  An orc wizard (D:5)
  8 gnolls
  9 adders
  2 white imps
  2 ufetubi
  3 worms
  5 dart slugs
  20 orcs
  3 bats
  7 endoplasms
  3 giant cockroaches
  6 goblins
  A hobgoblin (D:3)
  A quokka (D:1)
  8 ball pythons
  A frilled lizard (D:3)
  5 kobolds
  2 rats
117 creatures vanquished.

Notes
Turn   | Place    | Note
-------+----------+-------------------------------------------
     0 | D:1      | randomguy2701 the Hill Orc Monk began the quest for the
                  | Orb.
     0 | D:1      | Reached XP level 1. HP: 19/19 MP: 1/1
   267 | D:1      | Found Towneseczo's Book Shop.
   335 | D:1      | Reached XP level 2. HP: 26/27 MP: 2/2
   848 | D:2      | Reached XP level 3. HP: 28/33 MP: 3/3
   891 | D:2      | Reached skill level 5 in Axes
   903 | D:2      | Noticed Terence
   920 | D:2      | Killed Terence
   921 | D:2      | Reached XP level 4. HP: 28/40 MP: 4/4
  1644 | D:3      | Identified the staff of a Hundred Towns {rF+ rN+ Int+6
                  | Dex-3 SInv Fire}
  1650 | D:3      | Reached skill level 1 in Armour
  1765 | D:3      | Reached XP level 5. HP: 47/47 MP: 5/5
  1954 | D:3      | Noticed Grinder
  1992 | D:4      | Reached skill level 6 in Axes
  2167 | D:4      | Found a runed translucent gate.
  2167 | D:4      | Noticed otakuarchivist's ghost (amateur MiFi)
  2168 | D:4      | Found a runed translucent gate.
  2269 | D:4      | Reached XP level 6. HP: 51/55 MP: 6/6
  2559 | D:4      | Found a runed translucent gate.
  2903 | D:5      | Entered Level 5 of the Dungeon
  3072 | D:4      | Reached skill level 5 in Fighting
  3074 | D:4      | Reached skill level 7 in Axes
  3499 | D:5      | Became a worshipper of Beogh the Brigand
  3499 | D:5      | Reached * piety under Beogh
  3499 | D:5      | Reached ** piety under Beogh
  3510 | D:5      | Reached XP level 7. HP: 55/61 MP: 7/7
  3944 | D:5      | Reached skill level 8 in Axes
  4238 | D:3      | Found Cacuym's Weapon Shop.
  5081 | D:6      | Reached skill level 1 in Invocations
  5323 | D:6      | Reached XP level 8. HP: 68/70 MP: 9/9
  5336 | D:6      | Reached skill level 9 in Axes
  6254 | D:7      | Reached skill level 5 in Armour
  6263 | D:7      | Found Voclo's Magic Scroll Boutique.
  6407 | D:7      | Reached skill level 10 in Axes
  6517 | D:7      | Identified the ring "Facaocr Facy" {rC+ Will+ Dex+3 SInv}
  6526 | D:7      | Reached XP level 9. HP: 67/75 MP: 12/12
  6715 | D:7      | HP: 1/75 [vampire (11)]
  6716 | D:7      | Slain by a vampire

Illustrated notes

Levels and vault maps discovered:
D:1:      lightli_arrival_noodles, layout_basic, serial_shops, shop,
          st_stairs_2, serial_park_tiny_pond
D:2:      layout_rooms, uniq_terence
D:3:      layout_basic, serial_shops, shop, uniq_grinder
D:4:      wad_river_or_something, layout_basic, gammafunk_ghost_split
D:5:      layout_loops_corners
D:6:      layout_layer_cave
D:7:      minmay_the_grid_octo_2x2 [minmay_the_grid_octo_teeth,
          minmay_the_grid_octo_fan_narrow, minmay_the_grid_octo_clover_2,
          minmay_the_grid_octo_prize_single_spiral], layout_cave_pools,
          minmay_temple_entry_statues_pillars, serial_shops,
          nicolae_shop_tiny_statue_garden, hangedman_abyss_or_decor_lesser_grid,
          uniq_crazy_yiuf_cottage

Skill      XL: |  1  2  3  4  5  6  7  8 |
---------------+-------------------------+-----
Fighting       | 4 5 6 |  6.2
Axes           | 5 6 7 8 10 | 10.5
Dodging        | 3 |  3.7
Armour         | 1 2 4 6 |  6.1
Invocations    | 1 4 |  4.5

Action                     |  1- 3 |  4- 6 |  7- 9 || total
---------------------------+-------+-------+-------++-------
  Melee: Hand axe          |    80 |   209 |   162 ||   451
         Battleaxe         |       |       |    88 ||    88
 Invoke: Convert to Beogh  |       |     1 |       ||     1
    Use: Potion            |       |       |     1 ||     1
   Stab: Distracted        |       |       |     1 ||     1
 Armour: Robe              |     4 |       |       ||     4
         Ring mail         |     9 |    25 |       ||    34
         Chain mail        |       |    71 |   128 ||   199
         Plate armour      |       |       |    17 ||    17
  Dodge: Dodged            |    44 |    98 |    85 ||   227

Table legend: (Time is in decaauts)
 A = Elapsed time spent in this place.
 B = Non-inter-level travel time spent in this place.
 C = Inter-level travel time spent in this place.
 D = Time resting spent in this place.
 E = Time spent auto-exploring this place.
 F = Levels seen in this place.
 G = Mean time per level.
                   A        B        C        D        E       F      G
               +--------+--------+--------+--------+--------+-----+--------+
         Total |   6716 |   6465 |    251 |    181 |   5196 |   7 |  959.4 |
       Dungeon |   6716 |   6465 |    251 |    181 |   5196 |   7 |  959.4 |
               +--------+--------+--------+--------+--------+-----+--------+

Top non-repeatable levels by time:
     D:6: 1818 daAuts
     D:4: 1273 daAuts
     D:5: 1027 daAuts
     D:1: 839 daAuts
     D:3: 682 daAuts
     D:2: 580 daAuts
     D:7: 495 daAuts
